General information
- name: BNet
- type: Ladder team game (AT/RT)
- host: Battle.net
- saver: TheGates
map: Cherryville
- players: 8
- length: 45:15
- speed: Fast
- version: 1.26 W3XP
- replay type: Public
» download(229 KB)
Players
team 1 (winner)

»
mr.whoisnewb (
green | 49 APM | 1925 actions | 39:03)
4 Keeper of the Grove
2 Force of Nature
2 Entangling Roots
4 Priestess of the Moon
2 Trueshot Aura
1 Scout
1 Searing Arrows
5 Dark Ranger
2 Silence
3 Life Drain
» actions
| Assign group hotkey | 31 | |
| Basic commands | 125 | |
| Build / train | 82 | |
| ESC pressed | 1 | |
| Enter build submenu | 24 | |
| Enter hero's abilities submenu | 15 | |
| Give item / drop item | 1 | |
| Remove unit from queue | 1 | |
| Right click | 479 | |
| Select / deselect | 467 | |
| Select group hotkey | 627 | |
| Use ability | 71 | |
1925 total
» units
| Wisp | 22 | |
| Archer | 3 | |
| Druid of the Talon | 24 | |
| Chimaera | 2 | |
51 total
» upgrades
| Strength of the Wild | 3 | |
| Druid of the Talon Training | 2 | |
| Mark of the Talon | 1 | |
| Corrosive Breath | 1 | |
| Reinforced Hides | 2 | |
9 total
» buildings
| Ancient of War | 1 | |
| Altar of Elders | 1 | |
| Moon Well | 8 | |
| Ancient of Wonders | 1 | |
| Tree of Ages | 1 | |
| Hunter's Hall | 1 | |
| Ancient of Wind | 4 | |
| Tree of Eternity | 1 | |
| Chimaera Roost | 2 | |
| Tree of Life | 2 | |
22 total
» build order
00:36 Ancient of War
00:51 Altar of Elders
01:00 Moon Well
01:25 Moon Well
02:00 Ancient of Wonders
03:21 Tree of Ages
03:24 Moon Well
04:29 Hunter's Hall
04:53 Moon Well
05:44 Ancient of Wind
05:46 Tree of Eternity
07:27 Moon Well
08:33 Chimaera Roost
08:36 Chimaera Roost
09:48 Ancient of Wind
12:35 Moon Well
12:40 Tree of Life
13:08 Moon Well
13:13 Moon Well
15:47 Ancient of Wind
15:50 Tree of Life
17:51 Ancient of Wind
» items
| Potion of Lesser Invulnerability | 1 | |
| Scroll of Protection | 1 | |
2 total
TheGates (
purple | 97 APM | 4398 actions | 45:15)
10 Mountain King
3 Storm Bolt
3 Thunder Clap
1 Avatar
3 Bash
» actions
| Assign group hotkey | 114 | |
| Basic commands | 114 | |
| Build / train | 197 | |
| ESC pressed | 10 | |
| Enter build submenu | 54 | |
| Enter hero's abilities submenu | 10 | |
| Give item / drop item | 18 | |
| Right click | 1748 | |
| Select / deselect | 437 | |
| Select group hotkey | 1254 | |
| Use ability | 442 | |
4398 total
» units
| Peasant | 15 | |
| Footman | 3 | |
| Goblin Shredder | 5 | |
| Goblin Zeppelin | 3 | |
| Gryphon Rider | 8 | |
| Dragonhawk Rider | 4 | |
38 total
» upgrades
| Masonry | 4 | |
| Lumber Harvesting | 2 | |
| Swords | 3 | |
| Armor | 3 | |
| Animal War Training | 1 | |
| Storm Hammers | 2 | |
| Cloud | 2 | |
| Gunpowder | 3 | |
| Plating | 3 | |
| Magic Sentry | 1 | |
| Defend | 1 | |
| Long Rifles | 1 | |
| Backpack | 1 | |
| Sorceress Training | 2 | |
| Priest Training | 2 | |
| Control Magic | 1 | |
32 total
» buildings
| Altar of Kings | 1 | |
| Barracks | 1 | |
| Farm | 12 | |
| Scout Tower | 29 | |
| Arcane Tower | 7 | |
| Lumber Mill | 1 | |
| Town Hall | 2 | |
| Arcane Vault | 2 | |
| Guard Tower | 34 | |
| Keep | 2 | |
| Blacksmith | 1 | |
| Castle | 4 | |
| Gryphon Aviary | 4 | |
| Arcane Sanctum | 1 | |
101 total
» build order
00:56 Altar of Kings
00:58 Barracks
01:00 Farm
01:05 Farm
01:18 Farm
01:48 Scout Tower
02:14 Arcane Tower
02:15 Arcane Tower
02:28 Farm
02:36 Lumber Mill
03:07 Scout Tower
03:57 Town Hall
04:01 Scout Tower
04:02 Scout Tower
04:03 Scout Tower
04:04 Scout Tower
04:16 Arcane Vault
04:18 Guard Tower
04:19 Guard Tower
04:43 Guard Tower
04:43 Guard Tower
04:48 Guard Tower
04:49 Guard Tower
04:49 Guard Tower
05:32 Guard Tower
05:32 Guard Tower
05:32 Guard Tower
06:04 Keep
07:54 Blacksmith
08:54 Castle
08:54 Castle
08:56 Gryphon Aviary
08:59 Gryphon Aviary
10:00 Farm
14:18 Scout Tower
14:19 Scout Tower
14:20 Scout Tower
14:22 Scout Tower
15:12 Guard Tower
15:13 Guard Tower
15:37 Farm
15:38 Farm
15:40 Farm
19:03 Gryphon Aviary
19:06 Gryphon Aviary
27:32 Scout Tower
27:32 Scout Tower
27:33 Scout Tower
28:38 Town Hall
28:43 Scout Tower
28:44 Scout Tower
28:45 Scout Tower
28:47 Scout Tower
29:12 Arcane Tower
29:12 Arcane Tower
29:13 Guard Tower
29:13 Guard Tower
29:14 Guard Tower
29:14 Guard Tower
29:21 Guard Tower
30:38 Arcane Sanctum
30:56 Scout Tower
30:56 Scout Tower
30:57 Scout Tower
30:59 Scout Tower
31:01 Scout Tower
31:02 Scout Tower
31:07 Scout Tower
31:08 Scout Tower
31:09 Scout Tower
31:10 Scout Tower
31:12 Scout Tower
31:13 Scout Tower
31:29 Farm
31:30 Farm
31:32 Farm
31:33 Farm
31:39 Arcane Vault
31:50 Guard Tower
31:50 Guard Tower
31:58 Guard Tower
31:58 Guard Tower
31:58 Guard Tower
32:15 Guard Tower
32:15 Guard Tower
33:36 Guard Tower
33:36 Guard Tower
33:36 Guard Tower
» items
| Boots of Speed | 1 | |
| Periapt of Vitality | 1 | |
| Staff of Teleportation | 1 | |
| Lesser Clarity Potion | 8 | |
| Scroll of Regeneration | 10 | |
| Potion of Healing | 4 | |
| Mechanical Critter | 2 | |
| Potion of Mana | 2 | |
| Staff of Sanctuary | 1 | |
| Scroll of Town Portal | 2 | |
| Scroll of Healing | 1 | |
33 total
Raulito197 (
pink | 14 APM | 366 actions | 26:59)
4 Blademaster
2 Critical Strike
2 Wind Walk
» actions
| Build / train | 42 | |
| Enter build submenu | 15 | |
| Enter hero's abilities submenu | 4 | |
| Remove unit from queue | 4 | |
| Right click | 194 | |
| Select / deselect | 86 | |
| Use ability | 20 | |
366 total
» units
» upgrades
| Ranged Weapons | 3 | |
| Armor | 3 | |
| Envenomed Spears | 1 | |
7 total
» buildings
| Altar of Storms | 1 | |
| Orc Burrow | 8 | |
| Voodoo Lounge | 1 | |
| Stronghold | 1 | |
| Beastiary | 2 | |
| War Mill | 1 | |
| Fortress | 1 | |
15 total
» build order
03:50 Altar of Storms
03:53 Orc Burrow
03:55 Voodoo Lounge
04:02 Stronghold
06:35 Beastiary
06:51 Orc Burrow
08:53 Orc Burrow
08:57 War Mill
09:02 Beastiary
11:35 Orc Burrow
11:40 Fortress
11:44 Orc Burrow
16:17 Orc Burrow
16:22 Orc Burrow
17:58 Orc Burrow
Nintendude64 (
orange | 38 APM | 1371 actions | 35:37)
7 Death Knight
3 Death Coil
3 Unholy Aura
1 Animate Dead
» actions
| Assign group hotkey | 2 | |
| Build / train | 47 | |
| Enter build submenu | 17 | |
| Enter hero's abilities submenu | 8 | |
| Right click | 982 | |
| Select / deselect | 255 | |
| Select group hotkey | 4 | |
| Use ability | 56 | |
1371 total
» units
| Acolyte | 7 | |
| Ghoul | 10 | |
| Obsidian Statue | 3 | |
| Abomination | 9 | |
29 total
» upgrades
| Unholy Armor | 1 | |
| Unholy Strength | 1 | |
| Disease Cloud | 1 | |
3 total
» buildings
| Ziggurat | 9 | |
| Altar of Darkness | 1 | |
| Crypt | 1 | |
| Graveyard | 1 | |
| Tomb of Relics | 1 | |
| Halls of the Dead | 1 | |
| Nerubian Tower | 3 | |
| Black Citadel | 1 | |
| Slaughterhouse | 2 | |
20 total
» build order
00:07 Ziggurat
00:10 Altar of Darkness
00:19 Crypt
01:04 Ziggurat
02:33 Ziggurat
04:08 Ziggurat
04:21 Graveyard
04:40 Tomb of Relics
04:50 Halls of the Dead
05:38 Nerubian Tower
07:19 Black Citadel
07:25 Slaughterhouse
07:34 Slaughterhouse
08:47 Ziggurat
08:54 Ziggurat
08:59 Nerubian Tower
13:37 Ziggurat
13:45 Ziggurat
16:02 Ziggurat
18:29 Nerubian Tower
» items
team 2 (loser)
ahleen (
teal | 26 APM | 1166 actions | 45:14)
5 Blademaster
2 Wind Walk
2 Mirror Image
1 Critical Strike
1 Tauren Chieftain
1 War Stomp
» actions
| Build / train | 173 | |
| Enter build submenu | 51 | |
| Enter hero's abilities submenu | 6 | |
| Give item / drop item | 1 | |
| Remove unit from queue | 3 | |
| Right click | 406 | |
| Select / deselect | 419 | |
| Use ability | 107 | |
1166 total
» units
| Peon | 56 | |
| Acolyte | 2 | |
| Wind Rider | 13 | |
| Crypt Fiend | 40 | |
| Demolisher | 11 | |
122 total
» upgrades
| Spiked Barricades | 3 | |
| Ranged Weapons | 3 | |
| Armor | 4 | |
| Web | 1 | |
| Creature Attack | 3 | |
| Unholy Armor | 1 | |
| Envenomed Spears | 1 | |
| Reinforced Defenses | 1 | |
| Creature Carapace | 2 | |
| Burning Oil | 1 | |
20 total
» buildings
| Orc Burrow | 11 | |
| Altar of Storms | 2 | |
| War Mill | 2 | |
| Voodoo Lounge | 2 | |
| Watch Tower | 15 | |
| Great Hall | 3 | |
| Stronghold | 1 | |
| Spirit Tower | 2 | |
| Ziggurat | 5 | |
| Beastiary | 3 | |
| Fortress | 1 | |
| Nerubian Tower | 1 | |
48 total
» build order
00:09 Orc Burrow
00:16 Altar of Storms
00:54 War Mill
01:08 Voodoo Lounge
01:38 Orc Burrow
03:34 Watch Tower
03:38 Watch Tower
03:51 Great Hall
04:00 Watch Tower
04:04 Watch Tower
04:09 Watch Tower
04:43 Watch Tower
04:45 Watch Tower
04:52 Watch Tower
04:58 Watch Tower
05:11 Watch Tower
05:40 Stronghold
06:22 Spirit Tower
07:09 Ziggurat
07:15 Ziggurat
07:18 Ziggurat
07:23 Ziggurat
07:31 Orc Burrow
07:33 Orc Burrow
07:50 Watch Tower
08:07 Beastiary
08:10 Beastiary
08:13 Beastiary
08:26 Spirit Tower
08:36 Orc Burrow
08:38 Fortress
09:59 Orc Burrow
13:39 Voodoo Lounge
14:11 Ziggurat
15:43 Nerubian Tower
16:35 Orc Burrow
23:24 Orc Burrow
24:35 Altar of Storms
26:28 War Mill
26:51 Orc Burrow
27:19 Great Hall
28:06 Watch Tower
28:09 Watch Tower
28:49 Watch Tower
28:54 Watch Tower
31:09 Great Hall
32:58 Orc Burrow
33:41 Orc Burrow
» items
| Healing Salve | 1 | |
| Boots of Speed | 2 | |
| Staff of Teleportation | 1 | |
| Orb of Lightning | 1 | |
| Potion of Healing | 6 | |
| Scroll of Speed | 1 | |
| Tiny Great Hall | 2 | |
14 total

»
DETHDAYBIRTHDAY (
blue | 30 APM | 190 actions | 06:17)
2 Death Knight
1 Death Coil
1 Unholy Aura
» actions
| Assign group hotkey | 3 | |
| Basic commands | 2 | |
| Build / train | 18 | |
| Enter build submenu | 7 | |
| Enter hero's abilities submenu | 2 | |
| Right click | 87 | |
| Select / deselect | 53 | |
| Select group hotkey | 5 | |
| Use ability | 13 | |
190 total
» units
» buildings
| Crypt | 1 | |
| Ziggurat | 3 | |
| Altar of Darkness | 1 | |
| Halls of the Dead | 1 | |
| Graveyard | 1 | |
| Black Citadel | 1 | |
| Sacrificial Pit | 1 | |
9 total
» build order
00:09 Crypt
00:11 Ziggurat
00:36 Altar of Darkness
00:54 Ziggurat
02:30 Halls of the Dead
02:59 Graveyard
04:31 Ziggurat
05:28 Black Citadel
05:46 Sacrificial Pit
audusd-lol. (
yellow | 67 APM | 3030 actions | 45:14)
10 Archmage
3 Summon Water Elemental
3 Brilliance Aura
1 Mass Teleport
3 Blizzard
» actions
| Assign group hotkey | 43 | |
| Basic commands | 128 | |
| Build / train | 94 | |
| Enter build submenu | 26 | |
| Enter hero's abilities submenu | 10 | |
| Give item / drop item | 8 | |
| Right click | 1096 | |
| Select / deselect | 339 | |
| Select group hotkey | 1078 | |
| Use ability | 208 | |
3030 total
» units
| Peasant | 19 | |
| Footman | 4 | |
| Goblin Shredder | 2 | |
| Gryphon Rider | 8 | |
| Dragonhawk Rider | 2 | |
35 total
» upgrades
| Masonry | 3 | |
| Swords | 3 | |
| Armor | 3 | |
| Animal War Training | 1 | |
| Storm Hammers | 1 | |
| Cloud | 1 | |
12 total
» buildings
| Altar of Kings | 1 | |
| Barracks | 1 | |
| Farm | 12 | |
| Scout Tower | 32 | |
| Lumber Mill | 1 | |
| Arcane Tower | 2 | |
| Town Hall | 3 | |
| Arcane Vault | 1 | |
| Keep | 1 | |
| Guard Tower | 13 | |
| Blacksmith | 1 | |
| Castle | 1 | |
| Gryphon Aviary | 3 | |
| Crypt | 1 | |
73 total
» build order
00:07 Altar of Kings
00:19 Barracks
00:37 Farm
00:51 Farm
01:34 Farm
01:37 Scout Tower
01:55 Lumber Mill
02:04 Arcane Tower
02:05 Arcane Tower
02:43 Farm
04:07 Town Hall
04:09 Scout Tower
04:09 Scout Tower
04:10 Scout Tower
04:18 Arcane Vault
06:06 Keep
06:49 Scout Tower
06:49 Scout Tower
06:50 Scout Tower
06:50 Scout Tower
06:51 Scout Tower
06:51 Scout Tower
07:24 Guard Tower
07:44 Guard Tower
07:47 Farm
07:47 Farm
07:47 Farm
07:51 Guard Tower
08:16 Scout Tower
08:17 Scout Tower
08:17 Scout Tower
08:17 Scout Tower
08:29 Blacksmith
08:31 Castle
08:57 Gryphon Aviary
09:00 Gryphon Aviary
09:59 Gryphon Aviary
10:12 Guard Tower
10:17 Guard Tower
10:32 Guard Tower
11:30 Crypt
11:40 Farm
11:40 Farm
11:41 Farm
11:43 Farm
11:44 Farm
12:25 Scout Tower
12:26 Scout Tower
12:26 Scout Tower
12:26 Scout Tower
13:12 Scout Tower
13:12 Scout Tower
13:42 Guard Tower
13:47 Scout Tower
13:47 Scout Tower
13:48 Scout Tower
13:49 Scout Tower
13:49 Scout Tower
13:50 Scout Tower
14:22 Guard Tower
14:24 Town Hall
15:36 Guard Tower
15:36 Guard Tower
16:25 Scout Tower
16:26 Scout Tower
16:26 Scout Tower
16:27 Scout Tower
16:27 Scout Tower
16:27 Scout Tower
17:08 Guard Tower
18:00 Guard Tower
23:59 Town Hall
» items
| Healing Salve | 1 | |
| Scroll of Town Portal | 5 | |
| Ivory Tower | 3 | |
| Potion of Healing | 1 | |
| Scroll of Regeneration | 1 | |
| Potion of Lesser Invulnerability | 3 | |
| Scroll of Healing | 2 | |
| Scroll of Protection | 1 | |
| Orb of Fire | 1 | |
| Staff of Teleportation | 1 | |
19 total
NYR_36 (
red | 57 APM | 1340 actions | 23:35)
5 Tauren Chieftain
2 War Stomp
3 Endurance Aura
» actions
| Assign group hotkey | 41 | |
| Basic commands | 1 | |
| Build / train | 87 | |
| Enter build submenu | 22 | |
| Enter hero's abilities submenu | 5 | |
| Give item / drop item | 6 | |
| Right click | 479 | |
| Select / deselect | 290 | |
| Select group hotkey | 312 | |
| Use ability | 97 | |
1340 total
» units
| Peon | 17 | |
| Grunt | 7 | |
| Troll Batrider | 11 | |
| Shaman | 7 | |
| Tauren | 3 | |
45 total
» upgrades
| Melee Weapons | 1 | |
| Armor | 3 | |
| Ranged Weapons | 3 | |
| Berserker Strength | 1 | |
| Reinforced Defenses | 1 | |
| Shaman Training | 2 | |
| Liquid Fire | 1 | |
| War Drums Damage Increase | 1 | |
| Pulverize | 1 | |
14 total
» buildings
| Altar of Storms | 1 | |
| Orc Burrow | 6 | |
| Voodoo Lounge | 2 | |
| Barracks | 1 | |
| War Mill | 1 | |
| Stronghold | 1 | |
| Watch Tower | 3 | |
| Great Hall | 1 | |
| Beastiary | 2 | |
| Fortress | 1 | |
| Spirit Lodge | 2 | |
| Tauren Totem | 1 | |
22 total
» build order
00:09 Altar of Storms
00:13 Orc Burrow
01:34 Voodoo Lounge
02:02 Orc Burrow
02:09 Barracks
02:32 War Mill
03:56 Orc Burrow
05:23 Stronghold
05:52 Watch Tower
05:55 Watch Tower
07:26 Watch Tower
07:29 Great Hall
08:29 Voodoo Lounge
09:20 Orc Burrow
09:36 Beastiary
10:17 Beastiary
10:41 Fortress
11:49 Spirit Lodge
11:56 Spirit Lodge
13:03 Tauren Totem
13:50 Orc Burrow
13:56 Orc Burrow
» items
| Scroll of Speed | 5 | |
| Healing Salve | 5 | |
| Potion of Mana | 1 | |
| Scroll of Protection | 2 | |
| Potion of Lesser Invulnerability | 3 | |
| Scroll of Healing | 1 | |
| Potion of Healing | 1 | |
| Scroll of Town Portal | 1 | |
| Lesser Clarity Potion | 1 | |
20 total
Chat log
(00:19 / Allies) Nintendude64: hi
(00:21 / All) mr.whoisnewb: is that audusd?
(00:22 / Allies) Nintendude64: rush?
(00:27 / All) audusd-lol.: if i was?
(00:29 / Allies) mr.whoisnewb: mmk?
(00:39 / All) mr.whoisnewb: LOL?
(00:48 / Allies) Nintendude64: rush?
(00:48 / All) NYR_36: LOL OMG ROFL
(00:53 / Allies) TheGates: rush there
(00:56 / Allies) Nintendude64: k
(03:03 / Allies) Nintendude64: glad to see your alive pink
(04:00 / Allies) Nintendude64: meet at pink when rdy
(05:13 / Allies) Nintendude64: chase em down
(05:25 / Allies) Nintendude64: ill get aboms and stats
(05:59 / All) TheGates: WYRMBOT
(06:01 / All) TheGates: on outside no less
(06:03 / All) TheGates: AMazing
(06:17 / All) TheGates: No cancel
(06:19 / All) TheGates: Good work, wyrmbot
(06:21 / All) TheGates: LOL
(06:25 / All) TheGates: he just gives up to try it in another match
(06:33 / Allies) mr.whoisnewb: hall
(06:34 / Allies) mr.whoisnewb: hall
(06:36 / Allies) Nintendude64: whos wyrmbot?
(06:41 / All) TheGates: MIRROR IMAGE
(06:42 / All) TheGates: LMAO
(06:55 / All) TheGates: mark of the noob
(06:59 / All) NYR_36: run elf
(07:03 / All) NYR_36: home to mommy
(12:27 / All) TheGates: lol
(12:37 / Allies) Nintendude64: we should hit soon
(14:49 / Allies) Nintendude64: omw
(16:28 / Allies) TheGates: I have cloud
(16:38 / Allies) Nintendude64: nice
(18:17 / Allies) Nintendude64: i have no tp
(18:21 / Allies) Nintendude64: so im all in
(20:06 / All) NYR_36: lol
(20:10 / All) TheGates: LOL
(22:25 / All) TheGates: never unloaded burrows
(22:26 / All) TheGates: lol
(23:02 / All) TheGates: nice bm control
(23:18 / All) NYR_36: teal was noob lol :)
(23:27 / All) TheGates: so were you
(23:31 / All) NYR_36: ye rite
(23:38 / All) TheGates: don't blame it on your team without realising you were a part of it
(24:17 / Allies) Nintendude64: i lost my stats
(24:28 / Allies) TheGates: must be a ladder reset
(25:26 / Allies) TheGates: tank with abombs wtf
(28:31 / All) ahleen: u lose purple?
(28:41 / All) TheGates: No.
(29:28 / All) ahleen: tp
(29:40 / All) TheGates: You lose.
(30:46 / All) ahleen: out gays
(30:55 / All) audusd-lol.: cannot believe we won!
(32:31 / All) ahleen: u shut up purple ?
(32:32 / All) ahleen: lose?
(32:34 / All) TheGates: No
(32:37 / All) TheGates: I win either way
(32:41 / All) TheGates: You don't necessarily win
(32:44 / All) TheGates: You will have to fight for it
(32:53 / All) TheGates: We strongly believe in equal opportunities
(33:01 / All) TheGates: I, for example, donate a dollar to Haiti every Thursday
(33:14 / All) TheGates: and a friend of mine donates a dollar whenever he reinstalls Warcraft III: The Frozen Throne, or at least he said he would
(33:34 / All) TheGates: So therefore we extend our view of equality even to Warcraft III: The Frozen Throne, a strategy game by Blizzard Entertainment
(33:43 / All) TheGates: Everyone has an equal chance
(33:50 / Allies) Nintendude64: wtf purp?
(33:50 / All) ahleen: out gay
(34:15 / Allies) Nintendude64: dude!
(34:18 / All) TheGates: Yellow and I will kill everything
(34:20 / All) TheGates: Including our own units
(34:25 / All) TheGates: Nobody will have a way to finish the other's stuff
(34:28 / All) Nintendude64: dude not cool
(34:30 / All) TheGates: Everyone will have an equal opportunity to win
(34:38 / All) TheGates: You will have to leave your computers on all night for the win
(34:39 / All) Nintendude64: my hero could have helped us
(34:41 / All) ahleen: yelow good
(34:46 / All) TheGates: This is a part of equality in society today, you must understand
(34:56 / All) TheGates: People can win games by themselves by all manners of unequal ways
(35:02 / All) TheGates: They may just have a gift for the game or RTS
(35:05 / All) TheGates: Or have been playing longer
(35:14 / All) TheGates: With our policy, everyone has an equal chance as long as they have broadband
(35:16 / All) TheGates: Sound fair?
(35:25 / All) Nintendude64: purple you are one stuborn bitch :)
(35:33 / All) Nintendude64: good luck to both of you
(35:35 / All) ahleen: why yellow?
(35:40 / All) TheGates: You won't stay for the standoff?
(37:13 / All) audusd-lol.: lol
(37:18 / All) ahleen: why?
(37:22 / All) audusd-lol.: down goes ahleen
(37:25 / All) TheGates: BEcause you have an equal chance at winning
(37:26 / All) audusd-lol.: son of asheen
(37:28 / All) TheGates: I explained the rules
(37:53 / All) ahleen: fuck you and rules hehehhe
(37:55 / All) ahleen: 2 gays
(37:59 / All) audusd-lol.: lawl
(38:00 / All) TheGates: 1 retard
(38:22 / All) TheGates: I wanted that catapult for XP
(38:30 / All) TheGates: almost lvl 10
(38:31 / All) audusd-lol.: bad teal
(38:39 / All) audusd-lol.: i didnt evne realize i was lvl 10
(38:54 / All) TheGates: feed me 1 gryphon?
(39:10 / All) ahleen: bye gays i go to wc if u want to eat come yellow hahahhaha
(39:14 / All) TheGates: Looks like you have to lose, teal
(39:16 / All) TheGates: Sorry pal
(39:23 / All) audusd-lol.: where is wc
(39:24 / All) TheGates: No equal opportunity for you
(40:23 / All) TheGates: I used to always get bolt and bash but I think bolt/stomp is way better
(40:29 / All) TheGates: packs more of a punch and relies less on luck
(40:39 / All) TheGates: You can have both at level 3 by level 6 too if you delay avatar
(40:40 / All) audusd-lol.: i suppose
(40:47 / All) TheGates: Bash works on allies though so that's something
(40:56 / All) audusd-lol.: im more of a boltbash kind of guy so i dont have to worry about multiple spells
(41:21 / All) audusd-lol.: teal was in our last game too
(41:24 / All) audusd-lol.: i forget who he was
(42:05 / All) TheGates: He only had a level 1 bm and 18 peons all game according to highperch
(42:09 / All) TheGates: no wonder he wasn't noticeable
(42:13 / All) audusd-lol.: lol
(42:17 / All) audusd-lol.: oh he was purple
(42:19 / All) audusd-lol.: i think he tked
(42:25 / All) audusd-lol.: saw his pesaants go to green
(42:26 / All) TheGates: with what, his bm? lol
(42:35 / All) TheGates: That's barely even tking just retardation
(42:48 / All) audusd-lol.: Ill ask motts
(43:29 / All) audusd-lol.: oww
(43:31 / All) TheGates: holy shit
(43:35 / All) TheGates: that went down ridiculously fast
(43:39 / All) audusd-lol.: squishy am
(43:51 / All) TheGates: 15 gryphons 3/3 with a level 10 mk and level 3 bolt will do that I guess
(43:54 / All) audusd-lol.: forgot bout last 2
(44:02 / All) TheGates: I'll tp to my base to get them faster
(44:06 / All) audusd-lol.: ill
(44:10 / All) audusd-lol.: profile blue
(44:11 / All) TheGates: or not I accidentally flew my gryphons
(44:13 / All) audusd-lol.: know we faced him before
(44:20 / All) TheGates: Now I'll look extra pro in the replay
(44:37 / All) audusd-lol.: cannot believe i had more apm than u other day
(44:52 / All) TheGates: I barely spam but I haven't been lately
(45:01 / All) TheGates: I usually just spam a little when nothing is happening to keep my fingers active